 Dungeon Crawl Stone Soup version 0.18.1-47-g9310371 (webtiles) character file.

1743 Enroth the Shield-Bearer (level 9, -3/68 HPs)
             Began as a Formicid Fighter on June 15, 2016.
             Slain by an orc warrior
             ... wielding a +0 battleaxe
              (16 damage)
             ... on level 6 of the Dungeon on June 16, 2016.
             The game lasted 00:18:39 (5141 turns).

Enroth the Shield-Bearer (Formicid Fighter)         Turns: 5141, Time: 00:18:40

Health: -3/68      AC: 10    Str: 22      XL:     9   Next: 26%
Magic:  9/9        EV: 11    Int:  9 (10) God:
Gold:   420        SH: 12    Dex: 10      Spells: 0 memorised, 8 levels left

rFire  + . .     SeeInvis +     a - +0 war axe
rCold  . . .     Gourm    .     b - +0 scale mail
rNeg   . . .     Faith    .     c - +1 shield
rPois  .         Spirit   .     (helmet unavailable)
rElec  .         Dismiss  .     (no cloak)
rCorr  .         Reflect  .     m - +0 pair of gloves
SustAt .         Harm     .     g - +0 pair of boots (curse)
MR     .....                    (no amulet)
Stlth  ..........               (no ring)
                                j - ring of protection from fire

@: not resistant to hostile enchantments, extremely unstealthy
A: permanent stasis, dig shafts and tunnels, four strong arms, antennae 3
a: Dig, Shaft Self


You were on level 6 of the Dungeon.
You were very hungry.

You visited 2 branches of the dungeon, and saw 7 of its levels.
You also visited: Ossuary.

You collected 468 gold pieces.
You spent 48 gold pieces at shops.

Inventory:

Hand Weapons
 a - a +0 war axe (weapon)
Armour
 b - a +0 scale mail (worn)
 c - a +1 shield (worn)
 g - a cursed +0 pair of boots (worn)
 m - a +0 pair of gloves (worn)
Jewellery
 j - a ring of protection from fire (left hand)
Scrolls
 e - 11 scrolls of identify
 h - 2 scrolls of recharging
 i - 2 scrolls of immolation {unknown}
 p - 6 scrolls of remove curse
 r - a scroll of fog {unknown}
 v - a scroll of torment {unknown}
Potions
 d - 3 potions of brilliance
 k - 3 potions of flight
 l - 2 potions of might
 o - a potion of mutation {unknown}
 s - a potion of lignification {unknown}
 t - 3 potions of curing
 w - a potion of agility {unknown}
 x - a potion of invisibility {unknown}
 A - a potion of resistance {unknown}
Comestibles
 f - 3 bread rations
 n - 5 meat rations
 q - a slice of pizza


   Skills:
 + Level 5.5 Fighting
 + Level 5.8 Axes
 + Level 6.0 Armour
 + Level 4.7 Dodging
 + Level 1.0 Stealth
 + Level 7.2 Shields


You had 8 spell levels left.
You didn't know any spells.

Dungeon Overview and Level Annotations

Branches:
Dungeon (6/15)             Temple (1/1) D:6

Altars:
Ashenzari
Cheibriados
Dithmenos
Elyvilon
Fedhas
Gozag
Kikubaaqudgha
Nemelex Xobeh
Okawaru
Pakellas
Ru
Sif Muna
Trog
Vehumet
Xom
Yredelemnul
Zin
The Shining One

Shops:
D:4 ?


Innate Abilities, Weirdness & Mutations

You are under a permanent stasis effect.
You can dig through walls and to a lower floor.
Your four strong arms can wield two-handed weapons with a shield.
You have a pair of large antennae on your head (SInv).


Message History

The orc warrior closely misses you. You block the orc wizard's attack.
You closely miss the orc warrior.
The orc warrior is almost dead.
You barely miss the orc wizard. You block the orc wizard's attack.
The orc warrior misses you.
You closely miss the orc warrior.
The orc warrior is severely wounded.
You closely miss the orc wizard. You block the orc wizard's attack.
The orc warrior hits you with a battleaxe!
* * * LOW HITPOINT WARNING * * *
The orc wizard hits you but does no damage.
The orc priest calls upon Beogh to heal the orc warrior.
The orc warrior is healed somewhat.
You slash the orc warrior!
The orc warrior is almost dead.
You hit the orc wizard.
The orc wizard is lightly wounded.
You block the orc wizard's attack.
The orc warrior hits you with a battleaxe!
You die...

{{{ {
##.#.#######.#####.#....
{{{ #.#..# #.##### {{{
#.#..# #...... {{{
##.#.(## ####### ###
#..#...# #..
#.######.#.## #.#
#..†.....#..# #.#
###########.# # # #@# #
#oo# #


#ooo# # .J.... # .?..... ........# _..8.._... .........## You could see an orc
warrior, a jelly, an orc priest, an orc wizard and 2 orcs.

Vanquished Creatures
  Sigmund (D:2)
  A phantom (D:5)
  A black bear (D:6)
  A sky beast (D:5)
  A centaur (D:5)
  A gnoll sergeant (D:5)
  8 scorpions
  A killer bee (D:5)
  2 centaur zombies (Ossuary)
  2 hounds (D:4)
  An orc priest (D:3)
  3 orc wizards
  An iguana (D:4)
  3 worker ants
  2 big kobold zombies (Ossuary)
  A hound skeleton (D:5)
  2 mummies (Ossuary)
  3 scorpion zombies (Ossuary)
  10 adders
  3 gnolls (D:5)
  3 shadow imps
  An ooze (D:3)
  An adder skeleton (D:5)
  3 worms
  3 giant geckos
  14 orcs
  5 giant cockroaches
  2 gnoll zombies (Ossuary)
  8 goblins
  8 hobgoblins
  22 jackals
  2 quokkas
  A ball python (D:4)
  12 bats
  5 giant newts
  A goblin zombie (Ossuary)
  3 hobgoblin zombies (Ossuary)
  8 kobolds
  2 kobold zombies (Ossuary)
  2 orc zombies (Ossuary)
  8 rats
  2 rat zombies (D:5)
164 creatures vanquished.

Vanquished Creatures (others)
  A mummy (Ossuary)
1 creature vanquished.

Grand Total: 165 creatures vanquished

Notes
Turn   | Place    | Note
--------------------------------------------------------------
     0 | D:1      | Enroth the Formicid Fighter began the quest for the Orb.
     0 | D:1      | Reached XP level 1. HP: 18/18 MP: 1/1
   123 | D:1      | Reached XP level 2. HP: 23/24 MP: 2/2
   141 | D:1      | Reached skill level 4 in Shields
   295 | D:1      | Reached XP level 3. HP: 28/29 MP: 3/3
   716 | D:2      | Noticed Sigmund
   726 | D:2      | Killed Sigmund
   726 | D:2      | Reached skill level 5 in Shields
   726 | D:2      | Reached XP level 4. HP: 28/37 MP: 4/4
   726 | D:2      | Reached XP level 5. HP: 32/42 MP: 5/5
   726 | D:2      | Reached XP level 6. HP: 37/48 MP: 6/6
  1154 | D:2      | Found a sparkling altar of Nemelex Xobeh.
  1189 | D:2      | Found a shattered altar of Ashenzari.
  1196 | D:2      | Reached skill level 1 in Stealth
  1244 | D:2      | Found a sacrificial altar of Ru.
  1858 | D:3      | Reached XP level 7. HP: 32/54 MP: 7/7
  2073 | D:3      | Found an opulent altar of Gozag.
  2366 | D:4      | Found a shimmering altar of Xom.
  2377 | D:4      | Found Otiheep's Magic Scroll Boutique.
  2397 | D:4      | Bought a scroll of identify for 24 gold pieces
  2397 | D:4      | Bought a scroll of identify for 24 gold pieces
  2626 | D:4      | Found a basalt altar of Yredelemnul.
  2940 | D:5      | Entered Level 5 of the Dungeon
  2979 | D:5      | Reached skill level 6 in Shields
  3031 | D:5      | Reached XP level 8. HP: 53/61 MP: 8/8
  3181 | D:5      | Found a sand-covered staircase.
  3201 | Ossuary  | Entered an ossuary
  3263 | Ossuary  | Reached skill level 5 in Armour
  3465 | Ossuary  | Reached skill level 5 in Axes
  3480 | Ossuary  | Reached skill level 5 in Fighting
  4186 | D:5      | Reached XP level 9. HP: 17/68 MP: 9/9
  4186 | D:5      | Reached skill level 7 in Shields
  4863 | D:6      | Found a staircase to the Ecumenical Temple.
  4883 | Temple   | Entered the Ecumenical Temple
  5129 | D:6      | Found an iron altar of Okawaru.
  5129 | D:6      | Found a white marble altar of Elyvilon.
  5141 | D:6      | Slain by an orc warrior

Skill      XL: |  1  2  3  4  5  6  7  8  9 |
---------------+----------------------------+-----
Shields        | 4 5 6 7 |  7.2
Axes           | 3 4 5 |  5.8
Armour         | 4 5 6 |  6.0
Dodging        | 2 3 4 |  4.7
Stealth        | 1 |  1.0
Fighting       | 4 5 |  5.5

Action                   |  1- 3 |  4- 6 |  7- 9 || total
-------------------------+-------+-------+-------++-------
Melee: War axe           |   115 |   150 |   365 ||   630
  Use: Potion            |     1 |       |     9 ||    10
       Scroll            |       |       |    10 ||    10
  Eat: Chunk             |       |     3 |     5 ||     8
       Fruit             |       |       |     1 ||     1
       Pizza             |       |       |     1 ||     1
       Beef jerky        |       |       |     1 ||     1
       Royal jelly       |       |       |     1 ||     1
Armor: Scale mail        |    76 |    66 |   189 ||   331
Dodge: Dodged            |    48 |    64 |   216 ||   328
Block: Shield            |    68 |    96 |   291 ||   455
